 Dungeon Crawl Stone Soup version 0.13.0-11-g0187522 (webtiles) character file.

135 Leibowitz the Skirmisher (level 4, -3/28 HPs)
             Began as a Kobold Fighter on Oct 18, 2013.
             Killed from afar by Ijyb (8 damage)
             ... with a wand of flame
             ... on Level 2 of the Dungeon.
             The game lasted 00:05:19 (1847 turns).

Leibowitz the Skirmisher (Kobold Fighter)           Turns: 1847, Time: 00:05:20

HP  -3/28        AC  3     Str 15      XL: 4   Next: 41%
MP   3/3         EV 17     Int  6      God:
Gold 67          SH 13     Dex 20      Spells:  0 memorised,  3 levels left

Res.Fire  : . . .   See Invis. : .   j - +2,+1 dwarf short sword (holy)
Res.Cold  : . . .   Warding    : .   m - +0 leather armour
Life Prot.: . . .   Conserve   : .   c - +0 buckler
Res.Poison: .       Res.Corr.  : .   (no helmet)
Res.Elec. : .       Clarity    : .   (no cloak)
Sust.Abil.: . .     Spirit.Shd : .   (no gloves)
Res.Mut.  : .       Stasis     : .   (no boots)
Res.Rott. : .       Flight     : +   (no amulet)
Saprovore : + + .                    (no ring)
                                     (no ring)

@: agile, flying, slightly resistant to hostile enchantments, quite stealthy
A: disease resistance, carnivore 3, saprovore 2
a: no special abilities


You were on level 2 of the Dungeon.
You were very full.

You visited 1 branch of the dungeon, and saw 2 of its levels.

You collected 47 gold pieces.

Inventory:

Hand weapons
 a - a +0,+0 short sword
 j - a +2,+1 dwarven short sword of holy wrath (weapon)
Missiles
 q - 17 poisoned needles
Armour
 c - a +0 buckler (worn)
 m - a +0 leather armour (worn)
Comestibles
 d - 2 meat rations
 l - a rotting chunk of ball python flesh
Scrolls
 f - 4 scrolls of remove curse {unknown}
 g - 2 scrolls of magic mapping {unknown}
 i - 2 scrolls of identify {unknown}
 k - a scroll of curse armour {unknown}
 n - a scroll of fog {unknown}
 p - a scroll of blinking {unknown}
Potions
 e - a potion of flight


   Skills:
 * Level 3.8 Fighting
 + Level 3.1 Short Blades
 + Level 2.5 Armour
 * Level 1.0 Dodging
 * Level 1.9 Stealth
 * Level 3.1 Shields


You had 3 spell levels left.
You didn't know any spells.

Dungeon Overview and Level Annotations

Branches:
Dungeon (2/27)

Altars:

Annotations:
D:2 Ijyb


Innate Abilities, Weirdness & Mutations

You recuperate from illness quickly.
You are small and have problems with some larger weapons.
You are carnivorous and can eat meat at any time.
You can eat rotten meat.


Message History

You feel refreshed.
It was a potion of restore abilities.
You block Ijyb's attack.
You closely miss Ijyb.
Ijyb is moderately wounded.
Ijyb hits you but does no damage.
You hit Ijyb.
Ijyb is moderately wounded.
Ijyb barely misses you.
You hit Ijyb.
Ijyb is heavily wounded.
You aren't carrying any items that can be evoked.
Unknown command.
You hit Ijyb but do no damage.
Ijyb is heavily wounded.
Ijyb zaps a wand.
The puff of flame hits you!
* * * LOW HITPOINT WARNING * * *
You hit Ijyb but do no damage.
Ijyb is heavily wounded.
Ijyb zaps a wand.
The puff of flame hits you!
You die...

#..........(...................
#.##.#########.###............#
#.##.# #.##............##
###....#########.##............##
.................##............##
.##.###############......).....##
.##.# .. .......#............##
.##.# #... #....#............##
.##%# #.... #..@g#............##
.##.# #....###....#....).......##
.##.###. #...###?#............##
.#...##. #.>.# .#............##
.#...##.###...###.#............##
.#...##....###....#............##
.#...##....# #....#......⌠.......
.#...##....###....#............##
.#...##...........####......##.#.


You could see Ijyb.

Vanquished Creatures
  2 adders (D:2)
  3 giant cockroaches (D:2)
  8 goblins
  9 hobgoblins
  2 ball pythons
  6 bats
  2 giant newts (D:1)
  6 jackals (D:1)
  4 kobolds
  8 rats
50 creatures vanquished.

Notes
Turn   | Place    | Note
--------------------------------------------------------------
     0 | D:1      | Leibowitz, the Kobold Fighter, began the quest for the Orb.
     0 | D:1      | Reached XP level 1. HP: 14/14 MP: 0/0
   227 | D:1      | Reached skill level 1 in Stealth
   230 | D:1      | Reached XP level 2. HP: 6/19 MP: 1/1
   714 | D:1      | Reached XP level 3. HP: 24/24 MP: 2/2
  1311 | D:2      | Reached XP level 4. HP: 28/28 MP: 3/3
  1407 | D:2      | Reached skill level 1 in Dodging
  1830 | D:2      | Noticed Ijyb
  1847 | D:2      | Killed from afar by Ijyb

Action                   |  1- 3 |  4- 6 || total
-------------------------+-------+-------++-------
Melee: Short sword       |   143 |    54 ||   197
  Use: Potion            |       |     4 ||     4
